 Dungeon Crawl Stone Soup version 0.31-a0-188-g5e087ee2ca (webtiles) character file.

Game seed: 7046193233956907916

21 qw the Shooter (level 2, 0/16 HPs)
             Began as a Deep Elf Hunter on June 23, 2023.
             Succumbed to an adder's poison
             ... on level 2 of the Dungeon.
             The game lasted 00:00:18 (920 turns).

qw the Shooter (Deep Elf Hunter)                     Turns: 920, Time: 00:00:19

Health: 0/16       AC:  3    Str:  8    XL:     2   Next: 62%
Magic:  4/4        EV: 12    Int: 13    God:
Gold:   57         SH:  5    Dex: 18    Spells: 1/1 levels left

rFire   . . .        Y - +1 shortbow
rCold   . . .        (shield currently unavailable)
rNeg    . . .        c - +0 leather armour
rPois   .            (no helmet)
rElec   .            (no cloak)
rCorr   .            (no gloves)
SInv    .            (no boots)
Will    .....        f - amulet of reflection
Stlth   ++           (no ring)
HPRegen 0.22/turn    (no ring)
MPRegen 0.09/turn

%: reflection
@: lethally poisoned (0 -> -1)
A: no striking features
a: no special abilities


You were on level 2 of the Dungeon.
You visited 1 branch of the dungeon, and saw 2 of its levels.

You collected 57 gold pieces.


   Skills:
 - Level 1.5 Fighting
 + Level 6.4 Ranged Weapons
 - Level 2.4 Dodging
 - Level 1.2 Stealth


You had one spell level left.
You didn't know any spells.
Your spell library was empty.

Inventory:

Hand Weapons
 Y - a +1 shortbow (weapon)
Armour
 c - a +0 leather armour (worn)
Jewellery
 f - an amulet of reflection (around neck)
Scrolls
 a - a scroll of fear {unknown}
Potions
 e - a potion of lignification {unknown}
 g - a potion of curing
 j - a potion of magic {unknown}

Dungeon Overview and Level Annotations

Branches:
Dungeon (2/15)

Altars:

Annotations:
D:1 2 runed translucent doors


Message History

You shoot an arrow.
The arrow hits the rat but does no damage.
You shoot an arrow. The arrow barely misses the rat.
You shoot an arrow. The arrow hits the rat.
You kill the rat!
An adder comes into view.
You shoot an arrow. The arrow hits the adder.
The adder hisses angrily.
The adder is lightly wounded.
You shoot an arrow. The arrow barely misses the adder.
You shoot an arrow. The arrow hits the adder.
The adder is severely wounded.
The adder bites you.
You are poisoned.
The adder poisons you! The adder bites you but does no damage.
You shoot an arrow. The arrow misses the adder.
You feel sick. The adder bites you but does no damage.
You shoot an arrow.
The arrow hits the adder but does no damage.
The adder is severely wounded.
You feel sick. The adder bites you.
You are more poisoned.
The adder poisons you! The adder bites you.
You shoot an arrow. The arrow barely misses the adder.
You feel sick. The adder bites you but does no damage.
You shoot an arrow. The arrow hits the adder.
The adder is severely wounded.
You feel sick. You block the adder's attack. x2
You shoot an arrow. The arrow hits the adder.
The adder is almost dead.
You feel sick. The adder barely misses you.
You shoot an arrow.
The arrow hits the adder but does no damage.
The adder is almost dead.
You feel sick. The adder closely misses you.
You shoot an arrow. The arrow closely misses the adder.
You feel sick. The adder misses you. The adder barely misses you.
You shoot an arrow. The arrow hits the adder!
You kill the adder!
You die...

## #. ###....
.....# #..#.#
#..#.# #..#.#
#..#.###.#.
#..@.......
#........##
#.#####.## #.# .#
#.# .###
#.#####.#####.#.#
#..............#
#######.......#
#........


There were no monsters in sight!

Vanquished Creatures
  An adder (D:2)
  3 ball pythons
  2 bats (D:1)
  4 goblins (D:1)
  2 hobgoblins (D:1)
  2 frilled lizards (D:1)
  3 kobolds (D:1)
  5 rats
22 creatures vanquished.

Notes
Turn   | Place    | Note
-------+----------+-------------------------------------------
     0 | D:1      | qw the Deep Elf Hunter began the quest for the Orb.
     0 | D:1      | Reached XP level 1. HP: 12/12 MP: 3/3
     0 | D:1      | 0 ||| qw: Version: 0.3-a-9-g12657ce
     0 | D:1      | 0 ||| qw: Game counter: 3857
     0 | D:1      | 0 ||| qw: Always use a shield: true
     0 | D:1      | 0 ||| qw: God list: Okawaru
     0 | D:1      | 0 ||| qw: Allow faded altars: false
     0 | D:1      | 0 ||| qw: Do Orc after D:15 true
     0 | D:1      | 0 ||| qw: Do second Lair branch before Depths: true
     0 | D:1      | 0 ||| qw: Lair rune preference: random
     0 | D:1      | 0 ||| qw: Plans: Normal
     0 | D:1      | 0 ||| PLANNING D:1-11
    36 | D:1      | Found a large runed translucent door.
    36 | D:1      | Found a large runed translucent door.
   242 | D:1      | Reached XP level 2. HP: 16/16 MP: 4/4
   306 | D:1      | Reached skill level 6 in Ranged Weapons
   760 | D:1      | 760 ||| UPGRADING to amulet of reflection.
   765 | D:1      | 765 ||| READING 2 scrolls labelled VIZAXZUROW.
   766 | D:1      | 766 ||| READING scroll labelled WAMAMIKAFE.
   767 | D:1      | 767 ||| READING scroll labelled ZOAROATAAJ.
   768 | D:1      | 768 ||| READING scroll labelled BUBLOUS ZOAXTA.
   773 | D:1      | 773 ||| DRINKING 2 yellow potions.
   774 | D:1      | 774 ||| DROPPING scroll of blinking.
   775 | D:1      | 775 ||| DROPPING scroll of butterflies.
   916 | D:2      | HP: 4/16 [poisoned by an adder]
   919 | D:2      | HP: 1/16 [poisoned by an adder]
   920 | D:2      | Succumbed to an adder's poison

Levels and vault maps discovered:
D:1:      erik_arrival_cave_to_civilisation [erik_arrival_cave_to_temple],
          layout_basic, serial_park_tiny_pond
D:2:      layout_loops_ring

Skill      XL: |  1  2 |
---------------+-------+-----
Ranged Weapons | 6 |  6.4
Fighting       | |  1.5
Dodging        | |  2.4
Stealth        | |  1.2

Action                     || total
---------------------------++-------
   Fire: Shortbow          ||    57
    Use: Scroll            ||     4
         Potion            ||     1
 Armour: Leather armour    ||     4
  Dodge: Dodged            ||     7
  Block: Other             ||     2

Table legend:
 A = Non-vault XP
 B = Vault XP
 C = Vault XP percentage of total XP
 D = Non-vault monster count
 E = Vault monster count
 F = Vault count percentage of total count
                 A         B        C        D         E       F
            +---------+---------+-------+---------+---------+-------
      Total |      40 |       3 |   7.0 |      20 |       2 |   9.1
            +---------+---------+-------+---------+---------+-------
        D:1 |      24 |       3 |  11.1 |      16 |       2 |  11.1
        D:2 |      16 |       0 |   0.0 |       4 |       0 |   0.0
            +---------+---------+-------+---------+---------+-------
